 Dungeon Crawl Stone Soup version 0.28-a0-413-gde365fb1df (webtiles) character file.

Game seed: 3584505333444483783

177 heikuro the Shield-Bearer (level 5, -1/41 (42) HPs)
             Began as a Formicid Fighter on Sept 8, 2021.
             Was an Initiate of Elyvilon.
             Slain by a black bear (2 damage)
             ... on level 6 of the Dungeon.
             The game lasted 00:03:29 (3353 turns).

heikuro the Shield-Bearer (Formicid Fighter)        Turns: 3353, Time: 00:03:29

HP:   -1/41 (42)    AC:  7    Str: 22    XL:     5   Next: 87%
MP:   5/5           EV:  6    Int:  7    God:    Elyvilon [......]
Gold: 122           SH: 12    Dex: 10    Spells: 4/4 levels left

rFire   . . .      SeeInvis +   a - +0 long sword
rCold   . . .      Faith    .   h - +0 tower shield
rNeg    . . .      Spirit   .   b - +0 scale mail
rPois   .          Reflect  .   (helmet unavailable)
rElec   .          Harm     .   (no cloak)
rCorr   .          Rampage  .   (no gloves)
Will    .....                   (no boots)
Stlth   ..........              (no amulet)
HPRegen 0.13/turn               (no ring)
MPRegen 0.09/turn               (no ring)

@: mighty, lightly drained
A: permanent stasis, dig shafts and tunnels, antennae 3, four strong arms
a: Dig, Shaft Self, Renounce Religion


You were on level 6 of the Dungeon.
You worshipped Elyvilon.
Elyvilon was noncommittal.
You visited 1 branch of the dungeon, and saw 5 of its levels.

You collected 122 gold pieces.

Inventory:

Hand Weapons
 a - a +0 long sword (weapon)
Missiles
 i - 6 curare-tipped darts
 j - 9 poisoned darts
Armour
 b - a +0 scale mail (worn)
 h - a +0 tower shield (worn)
Scrolls
 c - a scroll of enchant weapon {unknown}
 g - a scroll of identify {unknown}
 k - a scroll of noise {unknown}
 l - 2 scrolls of fear {unknown}
Potions
 e - 2 potions of resistance {unknown}
 f - a potion of heal wounds {unknown}


   Skills:
 + Level 4.1 Fighting
 * Level 3.9 Long Blades
 + Level 4.1 Armour
 + Level 4.5 Shields


You had 4 spell levels left.
You didn't know any spells.
Your spell library was empty.

Dungeon Overview and Level Annotations

Branches:
Dungeon (4/15)
 Temple: D:4-7

Altars:
Elyvilon
Qazlal
Wu Jian

Annotations:
D:2 1 runed translucent door, Crazy Yiuf


Innate Abilities, Weirdness & Mutations

You cannot be hasted, slowed, berserked, paralysed or teleported.
You can dig through walls and to a lower floor.
You have a pair of large antennae on your head. (SInv)
Your four strong arms can wield two-handed weapons with a shield.


Message History

* * * LOW HITPOINT WARNING * * *
The jelly is moderately wounded.
The jelly hits you but does no damage. x2
Unknown command.
Your shield and scale mail prevent you from hitting the jelly.
The jelly is moderately wounded.
You block the jelly's attack.
Unknown command.
You slash the jelly!
You kill the jelly!
Unknown command.
Found a glowing cyan potion.
A black bear comes into view.
The black bear moves out of view.
You hear the slow hiss of an avalanche of sand nearby.
You aren't carrying any items that you can evoke.
You feel very mighty all of a sudden.
You closely miss the black bear. The black bear barely misses you.
The black bear claws you but does no damage.
You block the black bear's attack.
You hit the black bear.
The black bear is moderately wounded.
You are no longer corroded.
The black bear bites you.
* * * LOW HITPOINT WARNING * * *
You block the black bear's attack.
The black bear claws you but does no damage.
The black bear bites you but does no damage.
The black bear claws you.
* * * LOW HITPOINT WARNING * * *
The black bear claws you but does no damage.
You closely miss the black bear.
The black bear is lightly wounded.
The black bear barely misses you. You block the black bear's attack.
The black bear claws you but does no damage.
Unknown command.
You barely miss the black bear.
The black bear is lightly wounded.
The black bear bites you.
You die...

#.#.....#. #...._....
#.#.....#. ## #.........
.. #.#.⌠.⌠.#. ##.
#......... ##...
#.#.....#.
#.....##########.........
.......h@......#####.##.#
#.!...########..<.......#
##... #........#### ##.
#.######## # #.# ### { {


You could see a black bear.

Vanquished Creatures
  A jelly (D:6)
  An orc priest (D:4)
  An orc wizard (D:4)
  A hound skeleton (D:4)
  2 adders
  A worm (D:2)
  A dart slug (D:4)
  An orc (D:3)
  3 endoplasms (D:2)
  A giant cockroach (D:2)
  6 goblins
  6 hobgoblins
  7 kobolds
  4 quokkas
  3 ball pythons
  4 bats
  A frilled lizard (D:1)
  12 rats
56 creatures vanquished.

Vanquished Creatures (others)
  An orc (D:4)
1 creature vanquished.

Grand Total: 57 creatures vanquished

Notes
Turn   | Place    | Note
-------+----------+-------------------------------------------
     0 | D:1      | heikuro the Formicid Fighter began the quest for the Orb.
     0 | D:1      | Reached XP level 1. HP: 18/18 MP: 1/1
   401 | D:1      | Reached XP level 2. HP: 24/24 MP: 2/2
   832 | D:2      | Reached XP level 3. HP: 23/29 MP: 3/3
  1932 | D:2      | Reached XP level 4. HP: 37/37 MP: 4/4
  2132 | D:2      | Found a runed translucent door.
  2133 | D:2      | Noticed Crazy Yiuf
  2266 | D:3      | Found an ornate altar of the Wu Jian Council.
  3036 | D:4      | Reached XP level 5. HP: 30/42 MP: 5/5
  3204 | D:4      | Found a stormy altar of Qazlal.
  3249 | D:4      | You fall into a shaft and drop 2 floors!
  3302 | D:6      | Found a white marble altar of Elyvilon.
  3310 | D:6      | Became a worshipper of Elyvilon the Healer
  3339 | D:6      | HP: 1/39 [acid (2)]
  3346 | D:6      | Noticed a black bear
  3351 | D:6      | HP: 2/41 [black bear (1)]
  3353 | D:6      | Slain by a black bear

Illustrated notes

Levels and vault maps discovered:
D:1:      amcnicky_arrival_feature_with_door, layout_basic
D:2:      minmay_inner_zag, layout_basic, serial_rivers,
          chequers_serial_rivers_room_a, chequers_serial_rivers_large_b,
          chequers_serial_rivers_marsh, chequers_serial_rivers_marsh,
          chequers_serial_rivers_room_a, minmay_rat_gold_closets,
          uniq_crazy_yiuf_cottage
D:3:      layout_basic, nicolae_wu_jian_wuxing_cycle
D:4:      layout_basic, nicolae_overflow_hidden_temple,
          nicolae_qazlal_scattered_showers, kennysheep_vampire_church
D:6:      gammafunk_wand_slinger, layout_loops_ring, elyvilon_altar_5,
          nicolae_dithmenos_the_darkroom, minmay_temple_entry_offerings,
          lightli_ossuary_entry_decrepit_ruins, biasface_ghost_orc_armoury,
          grunt_ministairs_8

Skill      XL: |  1  2  3  4  5 |
---------------+----------------+-----
Shields        | 4 |  4.5
Long Blades    | 3 |  3.9
Fighting       | 4 |  4.1
Armour         | 4 |  4.1

Action                   |  1- 3 |  4- 6 || total
-------------------------+-------+-------++-------
Melee: Long sword        |   109 |    80 ||   189
 Abil: Dig               |       |     1 ||     1
       Shaft Self        |       |     1 ||     1
  Use: Potion            |       |     1 ||     1
Armor: Scale mail        |    50 |    34 ||    84
Dodge: Dodged            |    32 |    21 ||    53
Block: Buckler           |    14 |       ||    14
       Tower shield      |    31 |    45 ||    76

Table legend: (Time is in decaauts)
 A = Elapsed time spent in this place.
 B = Non-inter-level travel time spent in this place.
 C = Inter-level travel time spent in this place.
 D = Time resting spent in this place.
 E = Time spent auto-exploring this place.
 F = Levels seen in this place.
 G = Mean time per level.
                   A        B        C        D        E       F      G
               +--------+--------+--------+--------+--------+-----+--------+
         Total |   3482 |   3396 |     86 |    576 |   2162 |   5 |  696.4 |
       Dungeon |   3482 |   3396 |     86 |    576 |   2162 |   5 |  696.4 |
               +--------+--------+--------+--------+--------+-----+--------+

Top non-repeatable levels by time:
     D:2: 1504 daAuts
     D:3: 903 daAuts
     D:1: 758 daAuts
     D:4: 209 daAuts
     D:6: 107 daAuts
